 Dungeon Crawl Stone Soup version 0.24-a0-232-g49d9ff8 (webtiles) character file.

Game seed: 9064965194081383942

89957 xeno23 the Unseen (level 15, -1/105 HPs)
             Began as an Octopode Assassin on Apr 4, 2019.
             Was a Follower of Uskayaw.
             Slain by a wolf spider (17 damage)
             ... on level 1 of the Spider Nest.
             The game lasted 03:26:30 (27412 turns).

xeno23 the Unseen (Octopode Assassin)              Turns: 27412, Time: 03:26:30

Health: -1/105     AC:  4    Str: 12    XL:     15   Next: 99%
Magic:  18/32      EV: 11    Int: 20    God:    Uskayaw [*.....]
Gold:   2153       SH:  0    Dex: 17    Spells: 11/20 levels left

rFire    + . .     SeeInvis +   n - +3 demon trident (elec)
rCold    + . .     Gourm    .   I - +3 buckler
rNeg     . . .     Faith    .   S - +3 hat of Pondering {ponderous, MR+ MP+10 Int+5}
rPois    +         Spirit   .   A - amulet of regeneration
rElec    .         Reflect  .   b - ring of protection from fire
rCorr    .         Harm     .   K - ring of see invisible
MR       +....                  O - ring of wizardry
Stlth    +++++++...             U - ring of protection from cold
HPRegen  1.67/turn              j - ring of poison resistance
MPRegen  0.23/turn              (no ring)
                                (no ring)
                                (no ring)

@: vulnerable, held, regenerating, slow
A: almost no armour, stealthy swim, amphibious, 8 rings, constrict 8, tentacle
spike 1, camouflage 1, magic resistance 1, gelatinous body 1
a: Stomp, Renounce Religion


You were on level 1 of the Spider Nest.
You worshipped Uskayaw.
Uskayaw was aware of your devotion.
You were near starving.

You visited 5 branches of the dungeon, and saw 25 of its levels.
You also visited: Ossuary.

You collected 2523 gold pieces.
You spent 370 gold pieces at shops.

Inventory:

Hand Weapons
 a - a +1 dagger of draining
 n - a +3 demon trident of electrocution (weapon)
 s - a +0 blowgun
Missiles
 c - 109 poisoned needles
 Q - 14 needles of confusion
Armour
 I - a +3 buckler (worn)
 S - the +3 hat of Pondering (worn) {ponderous, MR+ MP+10 Int+5}
   (You took it off Gastronok on level 3 of the Lair of Beasts)

   It affects your intelligence (+5).
   It affects your resistance to hostile enchantments.
   It affects your magic capacity (+10).
Jewellery
 b - a ring of protection from fire (left tentacle)
 j - a ring of poison resistance (on tentacle)
 A - an amulet of regeneration (around mantle)
 K - a ring of see invisible (right tentacle)
 O - a ring of wizardry (on tentacle)
 U - a ring of protection from cold (on tentacle)
Wands
 r - a wand of acid (6)
 z - a wand of polymorph (38)
 G - a wand of paralysis (8)
 H - a wand of disintegration (4)
 M - a wand of enslavement (14)
Scrolls
 e - 5 scrolls of amnesia
 h - 4 scrolls of teleportation
 l - 2 scrolls of enchant weapon
 o - 3 scrolls of enchant armour
 t - 11 scrolls of remove curse
 v - a scroll of identify
 y - a scroll of fog
 B - 3 scrolls of magic mapping
 D - a scroll of summoning {unknown}
 F - a scroll of acquirement
 X - a scroll of vulnerability
 Y - 2 scrolls of fear {unknown}
Potions
 g - 6 potions of haste
 i - 4 potions of heal wounds
 k - 7 potions of curing
 p - 5 potions of agility
 q - 3 potions of resistance
 u - 5 potions of brilliance
 C - 6 potions of flight
 E - 4 potions of might
 L - 3 potions of magic
 P - 2 potions of lignification
 V - 2 potions of invisibility
Comestibles
 f - 46 rations


   Skills:
 + Level 10.8 Fighting
 - Level 6.5 Short Blades
 * Level 12.2 Polearms
 - Level 6.0 Throwing
 + Level 10.7 Dodging
 + Level 15.1 Stealth
 - Level 4.0 Shields
 - Level 3.0 Spellcasting
 - Level 2.5 Conjurations
 * Level 5.8 Hexes
 - Level 5.0 Charms
 - Level 5.0 Necromancy
 + Level 0.6 Translocations
 - Level 10.1 Invocations
 - Level 7.0 Evocations


You had 11 spell levels left.
You knew the following spells:

 Your Spells              Type           Power        Failure   Level  Hunger
a - Confuse               Hex            ####....     1%          3    ###....
b - Magic Dart            Conj           ##..         1%          1    None
e - Regeneration          Chrm/Necr      ###.......   2%          3    ###....
g - Blink                 Tloc           N/A          7%          2    ##.....

Your spell library contained the following spells:

 Spells                   Type           Power        Failure   Level  Hunger
 Animate Skeleton         Necr           N/A          1%          1    None
 Confusing Touch          Hex            ####..       1%          1    None
 Pain                     Necr           ###.         1%          1    None
 Slow                     Hex            ####....     1%          2    ##.....
 Ensorcelled Hibernation  Hex/Ice        ##....       2%          2    ##.....
 Vampiric Draining        Necr           ###.......   2%          3    ###....
 Summon Guardian Golem    Hex/Summ       ##......     5%          3    ###....
 Summon Small Mammal      Summ           #...         6%          1    None
 Animate Dead             Necr           N/A          8%          4    ####...
 Call Imp                 Summ           #.......     9%          2    ##.....
 Conjure Flame            Conj/Fire      #.......     11%         3    ###....
 Mephitic Cloud           Conj/Pois/Air  #.......     12%         3    ###....
 Gell's Gravitas          Tloc           #.........   13%         3    ###....
 Call Canine Familiar     Summ           #.......     16%         3    ###....
 Metabolic Englaciation   Hex/Ice        ##........   43%         5    ######.
 Silence                  Hex/Air        ##........   43%         5    ######.
 Yara's Violent Unravell  Hex/Tmut       ##........   43%         5    ######.
 Petrify                  Tmut/Erth      #.......     45%         4    ####...
 Summon Ice Beast         Ice/Summ       #.......     45%         4    ####...
 Summon Lightning Spire   Summ/Air       #.......     45%         4    ####...
 Borgnjor's Vile Clutch   Necr/Erth      ##........   45%         5    ######.
 Darkness                 Hex            ####......   58%         6    #######
 Shadow Creatures         Summ           N/A          100%        6    #######


Dungeon Overview and Level Annotations

Branches:
Dungeon (15/15)            Temple (1/1) D:6            Lair (6/6) D:8
 Shoals (0/4) Lair:2       Spider (1/4) Lair:3        Slime (0/5) Lair:5
    Orc (2/2) D:12            Elf (0/3) Orc:2        Depths (0/5) D:15
 Vaults: D:13-14

Altars:
Ashenzari
Cheibriados
Dithmenos
Elyvilon
Fedhas
Gozag
Hepliaklqana
Kikubaaqudgha
Makhleb
Nemelex Xobeh
Okawaru
Qazlal
Ru
Sif Muna
Trog
Uskayaw
Vehumet
Wu Jian
Xom
Yredelemnul
Zin
The Shining One
Beogh
Jiyva
Lugonu

Shops:
Orc:2 (:*[

Annotations:
D:7 2 transporters
D:13 exclusion: ice statue, Frances, Rupert
D:14 exclusion: storm dragon


Innate Abilities, Weirdness & Mutations

You cannot wear most types of armour.
You are very stealthy in the water. (Stealth+)
You are amphibious.
You can wear up to eight rings at the same time.
You can use your tentacles to constrict eight enemies at once.
Your skin changes colour to match your surroundings (Stealth+).
Your rubbery body absorbs attacks. (AC +1, EV +1)
One of your tentacles bears a spike.
You are resistant to hostile enchantments. (MR+)


Message History

Aim: a wolf spider (susceptible to hostile enchantments, clinging, chance to defeat MR: 64%)
The wolf spider appears confused.
The jumping spider barely misses you. The jumping spider bites you.
* * * LOW HITPOINT WARNING * * *
The jumping spider completely misses you.
The jumping spider bites you.
* * * LOW HITPOINT WARNING * * *
You take 7 damage.
Okay, then.
Unknown command.
Press: ? - help, v - describe, . - travel
Here: a jumping spider (susceptible to hostile enchantments, clinging)
The floor.
Casting: Confuse (safe; 1% risk of failure)
Confirm with . or Enter, or press ? or * to list all spells.
Aiming: Confuse (safe; 1% risk of failure)
Press: ? - help, Shift-Dir - straight line, f - jumping spider, p - wolf spider
Aim: a jumping spider (susceptible to hostile enchantments, clinging, chance to defeat MR: 64%)
The jumping spider appears confused.
The wolf spider hits you!
You die...

..##...
.......
###.......
#.........
##.........
##..........
#.ss........
#..@..^...!.
#####.....≈≈
....#≈s
≈≈##≈≈s ≈≈#
.° .#≈ #
..#. .. .


You could see a wolf spider (confused) and a jumping spider (confused).

Vanquished Creatures
  Gastronok (Lair:3)
  An orc warlord (Orc:2)
  Nessos (D:13)
  A white draconian (D:15)
  A fire dragon (D:15)
  Fannar (Lair:2)
  A yaktaur captain (D:14)
  An ogre mage (D:14)
  A great orb of eyes (Lair:1)
  Erolcha (D:9)
  4 hydras
  A rakshasa (D:15)
  A catoblepas (Lair:6)
  3 centaur warriors
  5 two-headed ogres
  6 death yaks (Lair:6)
  A tengu warrior (D:15)
  An orc high priest (Orc:2)
  A fire crab (D:15)
  5 unseen horrors
  A wizard (D:14)
  An unseen horror (shapeshifter) (D:14)
  2 glowing orange brains
  Pikel (D:4)
  5 orc knights
  3 orc sorcerers
  2 deep elf magi (D:14)
  8 cyclopes
  2 manticores
  7 ugly things
  4 elephants
  2 gargoyles
  5 black mambas
  A spiny frog (shapeshifter) (D:15)
  A torpor snail (Lair:6)
  A guardian serpent (D:15)
  2 rime drakes (Lair:6)
  7 komodo dragons
  7 spiny frogs
  2 freezing wraiths (D:14)
  A tengu conjurer (D:14)
  2 trolls
  10 polar bears
  2 meliai (shapeshifter) (D:15)
  A tyrant leech (Lair:6)
  A hornet (D:8)
  2 raiju (Lair:6)
  A hippogriff (shapeshifter) (D:15)
  6 slime creatures
  17 blink frogs
  11 hippogriffs
  A spriggan (D:9)
  A vampire (D:13)
  A wraith (D:14)
  48 yaks
  2 wyverns
  3 basilisks
  A vampire mosquito (D:14)
  A hungry ghost (D:11)
  2 steam dragons
  4 acid dragons
  9 wargs
  15 hell hounds (Lair:6)
  15 water moccasins
  9 porcupines
  5 sky beasts
  9 ice beasts
  5 eyes of draining
  14 black bears
  A phantom (D:8)
  A necrophage (D:9)
  4 ogres
  An ogre (shapeshifter) (D:14)
  23 orc warriors
  27 wolves
  9 centaurs
  9 crocodiles
  2 big kobolds
  15 bullfrogs
  A gnoll sergeant (D:7)
  A scorpion (D:4)
  13 killer bees
  An electric eel (Lair:2)
  3 wights (D:11)
  4 howler monkeys (D:8)
  4 bullfrog zombies
  6 crimson imps
  11 hounds
  5 jellies
  A quasit (D:13)
  6 centaur skeletons
  6 centaur zombies
  8 orc priests
  21 orc wizards
  4 bullfrog skeletons
  Ijyb (D:5)
  2 iguanas
  11 worker ants
  A hound zombie (Ossuary)
  14 mummies
  A hound skeleton (D:10)
  A howler monkey zombie (Ossuary)
  2 worker ant zombies
  Robin (D:3)
  12 gnolls
  9 adders
  6 shadow imps
  2 oozes
  8 adder zombies
  An adder skeleton (D:7)
  2 worms
  4 leopard geckos
  59 orcs
  5 giant cockroaches
  2 gnoll zombies (D:6)
  20 goblins
  11 hobgoblins
  7 jackals
  15 kobolds
  4 quokkas
  3 ball pythons
  6 bats
  5 frilled lizards
  A giant cockroach zombie (Ossuary)
  A jackal zombie (Ossuary)
  3 leopard gecko zombies
  3 quokka skeletons
  A quokka zombie (D:5)
  5 rats
  A butterfly (Lair:4)
  A plant (Lair:6)
  A withered plant (Ossuary)
720 creatures vanquished.

Vanquished Creatures (collateral kills)
  2 orc warriors (Orc:1)
2 creatures vanquished.

Vanquished Creatures (others)
  An unseen horror (D:14)
  2 orc warriors (Orc:1)
  A hungry ghost (D:4)
  A water moccasin (Lair:1)
  The ghost of derval the Gusty, an amateur DEAE (D:3)
  A gnoll (D:3)
  An orc (D:4)
  5 fungi
  28 plants
  2 withered plants (Ossuary)
43 creatures vanquished.

Grand Total: 765 creatures vanquished

Notes
Turn   | Place    | Note
-------+----------+-------------------------------------------
     0 | D:1      | xeno23 the Octopode Assassin began the quest for the Orb.
     0 | D:1      | Reached XP level 1. HP: 14/14 MP: 1/1
   113 | D:1      | You fall through a shaft!
   385 | D:1      | Reached XP level 2. HP: 14/19 MP: 2/2
  1325 | D:2      | Reached XP level 3. HP: 24/24 MP: 3/3
  1941 | D:3      | Noticed Robin
  2179 | D:3      | Reached XP level 4. HP: 30/30 MP: 4/4
  2191 | D:3      | Killed Robin
  2541 | D:3      | Found a transporter.
  2548 | D:3      | Found a transporter.
  2567 | D:3      | Noticed derval's ghost (amateur DEAE)
  2683 | D:3      | Found a deep blue altar of Sif Muna.
  2693 | D:3      | Reached skill level 6 in Stealth
  2693 | D:3      | Reached XP level 5. HP: 36/36 MP: 5/5
  2695 | D:3      | Identified Sif Muna's Handbook of Arcane Weapons
  2707 | D:3      | Learned a level 1 spell: Magic Dart
  3033 | D:4      | Reached XP level 6. HP: 42/42 MP: 5/7
  3036 | D:4      | Noticed a slave
  3036 | D:4      | Noticed a slave
  3037 | D:4      | Noticed a slave
  3038 | D:4      | Noticed a slave
  3098 | D:4      | Reached skill level 1 in Spellcasting
  3098 | D:4      | Reached skill level 1 in Conjurations
  3168 | D:4      | Noticed Pikel
  3189 | D:4      | Killed Pikel
  3189 | D:4      | Reached XP level 7. HP: 25/46 MP: 7/10
  3296 | D:4      | Noticed a hungry ghost
  3380 | D:4      | Reached XP level 8. HP: 32/53 MP: 1/11
  3538 | D:4      | Reached skill level 7 in Stealth
  3605 | D:4      | Reached skill level 5 in Short Blades
  3979 | D:5      | Entered Level 5 of the Dungeon
  4407 | D:5      | Noticed Ijyb
  4428 | D:5      | Killed Ijyb
  4448 | D:5      | Found a shattered altar of Ashenzari.
  4768 | D:6      | Found a shadowy altar of Dithmenos.
  4833 | D:6      | Found a staircase to the Ecumenical Temple.
  4868 | D:6      | Found a glowing silver altar of Zin.
  4923 | D:6      | Found a sand-covered staircase.
  4930 | Ossuary  | Entered an ossuary
  5078 | Ossuary  | Reached XP level 9. HP: 51/59 MP: 13/13
  5264 | Ossuary  | Reached skill level 8 in Stealth
  5472 | D:6      | Reached skill level 5 in Evocations
  5499 | D:6      | Found an iron altar of Okawaru.
  5566 | D:6      | Found a basalt altar of Yredelemnul.
  5674 | D:6      | Found a shimmering altar of Xom.
  5675 | D:6      | Found a shimmering altar of Xom.
  5675 | D:6      | Found a shimmering altar of Xom.
  5676 | D:6      | Found a shimmering altar of Xom.
  5752 | D:6      | Found a shimmering altar of Xom.
  5752 | D:6      | Found a shimmering altar of Xom.
  6186 | D:3      | Killed derval's ghost
  6535 | D:7      | Found a transporter.
  6536 | D:7      | Found a corrupted altar of Lugonu.
  6536 | D:7      | Noticed a white ugly thing
  6538 | D:7      | Noticed a red ugly thing
  6546 | D:7      | Noticed a cyan ugly thing
  6671 | D:7      | Reached skill level 1 in Polearms
  6938 | D:7      | Reached skill level 5 in Fighting
  7266 | D:7      | Found an ancient bone altar of Kikubaaqudgha.
  7288 | D:7      | Found a blossoming altar of Fedhas.
  7387 | Temple   | Entered the Ecumenical Temple
  7441 | Temple   | Became a worshipper of Uskayaw the Reveler
  7492 | D:7      | Found a transporter.
  7499 | D:7      | Noticed a faun
  7500 | D:7      | Noticed a shining eye
  7500 | D:7      | a faun changed into a shining eye
  7526 | D:7      | Reached * piety under Uskayaw
  7604 | D:7      | Reached ** piety under Uskayaw
  7704 | D:7      | Noticed a queen ant
  7708 | D:7      | Noticed a catoblepas
  7708 | D:7      | a queen ant changed into a catoblepas
  7763 | D:8      | Reached skill level 1 in Shields
  7767 | D:8      | Reached *** piety under Uskayaw
  7769 | D:8      | Reached **** piety under Uskayaw
  7811 | D:8      | Reached skill level 5 in Dodging
  7815 | D:8      | Reached ***** piety under Uskayaw
  7816 | D:8      | Reached XP level 10. HP: 53/66 MP: 14/14
  7946 | D:8      | Found a radiant altar of Vehumet.
  7986 | D:8      | Paralysed by a hornet for 3 turns
  7990 | D:8      | Reached skill level 9 in Stealth
  7990 | D:8      | Reached skill level 1 in Invocations
  8090 | D:8      | Found a staircase to the Lair.
  8737 | Lair:1   | Entered Level 1 of the Lair of Beasts
  9437 | Lair:1   | Reached skill level 5 in Polearms
  9485 | Lair:1   | Learned a level 3 spell: Regeneration
  9502 | Lair:1   | Noticed a four-headed hydra
  9568 | Lair:2   | Noticed an elephant
  9568 | Lair:2   | Noticed an elephant
  9568 | Lair:2   | Noticed an elephant
  9568 | Lair:2   | Noticed an elephant
  9598 | Lair:2   | Noticed a spiny frog
  9612 | Lair:1   | Killed a spiny frog
  9612 | Lair:1   | Reached XP level 11. HP: 68/72 MP: 12/16
  9656 | Lair:2   | Reached skill level 1 in Necromancy
  9658 | Lair:2   | Reached skill level 1 in Charms
  9859 | Lair:1   | Reached skill level 10 in Stealth
  9956 | Lair:1   | Reached skill level 5 in Invocations
 10093 | Lair:2   | Noticed Fannar
 10293 | Lair:2   | Killed Fannar
 10389 | Lair:2   | Found a staircase to the Shoals.
 11077 | Lair:1   | Noticed a great orb of eyes
 11077 | Lair:1   | a four-headed hydra changed into a great orb of eyes
 11111 | Lair:1   | Paralysed by a great orb of eyes for 2 turns
 11399 | Lair:2   | Noticed Urug
 11400 | Lair:2   | Noticed Urug
 11400 | Lair:2   | Urug changed into Urug the glowing orange brain
 11417 | Lair:2   | Killed Urug the glowing orange brain
 11617 | Lair:1   | Reached XP level 12. HP: 61/81 MP: 11/17
 12478 | Lair:3   | Reached skill level 11 in Stealth
 12641 | Lair:3   | Found a hole to the Spider Nest.
 12667 | Lair:3   | Noticed Gastronok
 12775 | Lair:3   | Noticed a four-headed hydra
 12843 | Lair:3   | Killed a four-headed hydra
 13301 | Lair:4   | Reached ****** piety under Uskayaw
 14144 | Lair:5   | Found a viscous altar of Jiyva.
 14144 | Lair:5   | Found a staircase to the Slime Pits.
 14648 | Lair:5   | Reached XP level 13. HP: 70/88 MP: 11/18
 14898 | Lair:6   | Entered Level 6 of the Lair of Beasts
 15160 | Lair:6   | Reached skill level 5 in Necromancy
 15166 | Lair:6   | Reached skill level 5 in Charms
 15266 | Lair:6   | Reached skill level 12 in Stealth
 16482 | Lair:6   | Reached skill level 10 in Polearms
 17003 | Lair:6   | HP: 2/89 [polar bear (30)]
 17748 | Lair:6   | Reached XP level 14. HP: 81/95 MP: 18/20
 18220 | Lair:6   | Reached skill level 13 in Stealth
 18641 | Lair:3   | Killed Gastronok
 19040 | D:9      | Noticed Erolcha
 19143 | D:9      | Reached skill level 5 in Throwing
 19626 | D:9      | Killed Erolcha
 19693 | D:10     | Entered Level 10 of the Dungeon
 21325 | D:12     | Found a radiant altar of Vehumet.
 21457 | D:12     | You fall through a shaft for 2 floors!
 21506 | D:13     | Noticed Nessos
 21544 | D:13     | Found the +7 lajatang of Order {silver, rMut}
 21682 | D:12     | Found a staircase to the Orcish Mines.
 22209 | Orc:1    | Entered Level 1 of the Orcish Mines
 22546 | Orc:2    | Entered Level 2 of the Orcish Mines
 22585 | Orc:2    | Reached XP level 15. HP: 103/103 MP: 22/22
 22817 | Orc:2    | Found a roughly hewn altar of Beogh.
 22987 | Orc:2    | Noticed an orc warlord
 23403 | Orc:2    | Reached skill level 14 in Stealth
 23431 | Orc:2    | Reached skill level 10 in Invocations
 23867 | Orc:2    | Killed an orc warlord
 23867 | Orc:2    | Reached skill level 10 in Fighting
 23944 | Orc:2    | Found Goipetax's Antique Armour Shop.
 24044 | Orc:2    | Found a staircase to the Elven Halls.
 24128 | Orc:2    | Reached skill level 10 in Dodging
 24231 | Orc:2    | Found Ypuocoq's Antique Weapon Shop.
 24246 | Orc:2    | Found Kesoe's General Store.
 24253 | Orc:2    | Bought a scroll of identify for 30 gold pieces
 24276 | Orc:2    | Found Boumepn's Book Shop.
 24285 | Orc:2    | Bought a book of Misfortune for 340 gold pieces
 24289 | Orc:2    | Learned a level 3 spell: Confuse
 24764 | D:13     | Reached skill level 1 in Hexes
 24791 | D:13     | Noticed Frances
 24793 | D:13     | Noticed Rupert
 24809 | D:13     | Killed Nessos
 24865 | D:13     | Gained mutation: Your body sometimes deteriorates upon
                  | taking damage. [potion of mutation]
 24865 | D:13     | Gained mutation: Your magical capacity is low. (-10% MP)
                  | [potion of mutation]
 24865 | D:13     | Gained mutation: Your system is resistant to poisons.
                  | (rPois) [potion of mutation]
 24866 | D:13     | Lost mutation: Your body sometimes deteriorates upon taking
                  | damage. [potion of mutation]
 24866 | D:13     | Lost mutation: Your magical capacity is low. (-10% MP)
                  | [potion of mutation]
 24866 | D:13     | Lost mutation: Your system is resistant to poisons. (rPois)
                  | [potion of mutation]
 24866 | D:13     | Gained mutation: You are resistant to hostile enchantments.
                  | (MR+) [potion of mutation]
 24866 | D:13     | Gained mutation: One of your tentacles bears a spike.
                  | [potion of mutation]
 25430 | D:14     | Found a glowing golden altar of the Shining One.
 25737 | D:14     | Noticed a storm dragon
 25737 | D:14     | a seven-headed hydra changed into a storm dragon
 25748 | D:15     | Entered Level 15 of the Dungeon
 26237 | D:15     | Noticed Louise
 26256 | D:15     | Noticed Louise
 26256 | D:15     | Louise changed into Louise the white draconian
 26275 | D:15     | Killed Louise the white draconian
 26275 | D:15     | Reached skill level 5 in Hexes
 26427 | D:15     | Reached skill level 15 in Stealth
 26575 | D:15     | Found a staircase to the Depths.
 26778 | D:15     | Learned a level 2 spell: Blink
 27394 | Spider:1 | Entered Level 1 of the Spider Nest
 27409 | Spider:1 | Identified 2 scrolls of acquirement
 27412 | Spider:1 | Slain by a wolf spider

Levels and vault maps discovered:
D:1:      wander_arrival_fairy_ring, layout_basic
D:2:      layout_loops_ring, minmay_pentomino_p4
D:3:      layout_rooms, gammafunk_ghost_gnarly_gnolls, hangedman_feature_mirror,
          ebering_dispersal_statue_hall, minivault_11,
          hangedman_abyss_or_decor_stabs, grunt_ministairs_9, led_sif_book,
          uniq_robin
D:4:      minmay_clustersquares, layout_cave_pools, uniq_pikel
D:5:      layout_rooms, lemuel_round_altar, first_ration,
          minmay_strange_pillars, uniq_ijyb
D:6:      layout_rooms, grunt_temple_overflow_open, okawaru_metal_pillars_1_2,
          lemuel_zombie_altar_yredelemnul, minmay_temple_entry_wispy,
          gup_ossuary_entry_pyramid, xom_redecorated
D:7:      gammafunk_corrupted_shrine, layout_loops_ring, kennysheep_mini_moat,
          kennysheep_mini
D:8:      layout_basic, vehumet_crystals, dpeg_oklobed_lair
D:9:      layout_roguey, the_bakery, grunt_tough_drop, uniq_erolcha
D:10:     layout_big_octagon
D:11:     layout_roguey
D:12:     layout_roguey, david_orc_1_choice, basic_altar, lightli_minifort
D:13:     minmay_weird_star, layout_gridville, david_vaults_1, minivault_15,
          minivault_24, hangedman_decor_diamond_cutter, uniq_frances,
          uniq_rupert, uniq_nessos
D:14:     layout_basic, nicolae_tso_carved_into_rock, minmay_the_grid_2x2
          [minmay_the_grid_box_x, minmay_the_grid_slots,
          minmay_the_grid_diamond_grid, minmay_the_grid_prize_four_corners]
D:15:     gammafunk_enter_depths_forms, layout_long_grid, nrook_campfire,
          nrook_guardian_serpent_double, uniq_louise
Temple:   cyrus_circular_temple
Lair:1:   layout_gridlike, beast_lair_carwin_9
Lair:2:   layout_cave_pods, elwin_shoals_entry_rocks, grunt_megastairs_2,
          infiniplex_staircase_pool_2, serial_bayou_shore_b, uniq_fannar,
          uniq_urug
Lair:3:   layout_regular_city, dummy_spider_entry, lemuel_fruit_tree,
          uniq_gastronok
Lair:4:   layout_regular_city, lemuel_fruit_fields
Lair:5:   layout_loops_ring, dpeg_slime_entry_enclosed_altar, grunt_megastairs_3
Lair:6:   hangedman_lair_caniforms_friends, layout_layer_cave,
          guppyfry_lair_end_dragon
Spider:1: layout_spider_delve, nicolae_spider_webs_and_nodes
Orc:1:    layout_caves
Orc:2:    grunt_orc_cross, layout_caves
Ossuary:  ossuary_zaba_flooded

Skill      XL: |  1  2  3  4  5  6  7  8  9 10 11 12 13 14 15 |
---------------+----------------------------------------------+-----
Short Blades   | 3 4 6 |  6.5
Dodging        | 2 3 4 5 6 7 8 9 10 | 10.7
Stealth        | 6 7 8 9 10 11 12 13 15 | 15.1
Fighting       | 3 4 5 6 7 8 9 10 | 10.8
Spellcasting   | 2 3 |  3.0
Conjurations   | 2 |  2.5
Evocations     | 2 4 6 7 |  7.0
Polearms       | 3 5 7 8 10 11 12 | 12.2
Shields        | 2 4 |  4.0
Invocations    | 4 6 7 8 9 10 | 10.1
Necromancy     | 3 4 5 |  5.0
Charms         | 3 4 5 |  5.0
Throwing       | 3 6 |  6.0
Hexes          | 5 |  5.8
Translocations | |  0.6

Action                   |  1- 3 |  4- 6 |  7- 9 | 10-12 | 13-15 || total
-------------------------+-------+-------+-------+-------+-------++-------
Melee: Dagger            |    71 |    73 |   279 |     9 |    33 ||   465
       Constrict         |    17 |    18 |    77 |    58 |   162 ||   332
       Tentacles         |     8 |     9 |   101 |   143 |   344 ||   605
       Spear             |       |       |   116 |   712 |  1408 ||  2236
       Trident           |       |       |       |       |   104 ||   104
       Demon trident     |       |       |       |       |   127 ||   127
       Kick              |       |       |       |       |   107 ||   107
 Fire: Blowgun           |       |    11 |    48 |    37 |    82 ||   178
 Cast: Magic Dart        |       |       |    82 |     9 |       ||    91
       Regeneration      |       |       |       |    63 |   130 ||   193
       Confuse           |       |       |       |       |    37 ||    37
Invok: Line Pass         |       |       |       |     1 |     3 ||     4
       Grand Finale      |       |       |       |       |     1 ||     1
Evoke: Wand              |       |       |     7 |    16 |    30 ||    53
  Use: Scroll            |       |     1 |     9 |    10 |    26 ||    46
       Potion            |       |       |     1 |     1 |     6 ||     8
 Stab: Sleeping          |     9 |    13 |    16 |    25 |    71 ||   134
       Distracted        |       |       |     2 |     1 |     5 ||     8
       Paralysed         |       |       |     4 |    37 |   126 ||   167
       Confused          |       |       |       |     1 |    12 ||    13
       Petrified         |       |       |       |       |     7 ||     7
  Eat: Chunk             |     4 |     3 |     9 |    23 |    57 ||    96
       Ration            |       |       |     2 |     2 |     3 ||     7
Armor: Skin              |     4 |     2 |    13 |    12 |    55 ||    86
Dodge: Dodged            |    36 |    38 |   221 |   331 |   590 ||  1216
Block: Buckler           |       |       |     4 |   138 |   254 ||   396

Table legend:
 A = Non-vault XP
 B = Vault XP
 C = Vault XP percentage of total XP
 D = Non-vault monster count
 E = Vault monster count
 F = Vault count percentage of total count
                 A         B        C        D         E       F
            +---------+---------+-------+---------+---------+-------
      Total |   81083 |   47428 |  36.9 |     476 |     246 |  34.1
            +---------+---------+-------+---------+---------+-------
        D:1 |      25 |       0 |   0.0 |      17 |       0 |   0.0
        D:2 |      28 |      18 |  39.1 |      13 |       4 |  23.5
        D:3 |      41 |     244 |  85.6 |      19 |      26 |  57.8
        D:4 |     296 |     799 |  73.0 |      22 |      11 |  33.3
        D:5 |     566 |      36 |   6.0 |      18 |       1 |   5.3
        D:6 |     248 |      25 |   9.2 |      10 |       3 |  23.1
        D:7 |    1285 |       0 |   0.0 |      23 |       0 |   0.0
        D:8 |    1491 |       0 |   0.0 |      20 |       0 |   0.0
        D:9 |    3591 |    2026 |  36.1 |      39 |       5 |  11.4
       D:10 |    2683 |       0 |   0.0 |      17 |       0 |   0.0
       D:11 |    2832 |       0 |   0.0 |      24 |       0 |   0.0
       D:12 |    8249 |    1789 |  17.8 |      32 |      15 |  31.9
       D:13 |    4434 |    2160 |  32.8 |      12 |       2 |  14.3
       D:14 |    8542 |    6602 |  43.6 |      23 |      17 |  42.5
       D:15 |    6457 |    6268 |  49.3 |      21 |      13 |  38.2
     Lair:1 |    6283 |    1033 |  14.1 |      24 |       7 |  22.6
     Lair:2 |    6848 |    2601 |  27.5 |      31 |       8 |  20.5
     Lair:3 |    1927 |    2286 |  54.3 |       6 |       1 |  14.3
     Lair:4 |    4456 |       0 |   0.0 |      21 |       0 |   0.0
     Lair:5 |    3701 |     591 |  13.8 |      20 |       3 |  13.0
     Lair:6 |   13854 |   13187 |  48.8 |      36 |      70 |  66.0
      Orc:1 |    2305 |       0 |   0.0 |      15 |       0 |   0.0
      Orc:2 |     941 |    7172 |  88.4 |      13 |      33 |  71.7
    Ossuary |       0 |     591 | 100.0 |       0 |      27 | 100.0
            +---------+---------+-------+---------+---------+-------
